[ AOE2 MATCH · #507044769 ]
UnrankedBritons vs Cumans
Player's team · WIN
Rival team · LOSS
[ REPLAY ANALYSIS · EXTRACTED FROM THE RECORDED GAME ]
Feudal
8:50
Castle
20:10
Imperial
—
| APM avg | 79.0 |
| APM peak | 116 |
| eAPM avg | 40.2 |
| Villagers / military | 45 / 33 |
Focus
⚔️ 57.0% · 🌾 43.0%
Archer ×28 · Militia ×4 · Skirmisher ×1
Feudal
11:26
Castle
—
Imperial
—
| APM avg | 58.7 |
| APM peak | 92 |
| eAPM avg | 22.9 |
| Villagers / military | 47 / 21 |
Focus
⚔️ 38.1% · 🌾 61.9%
Skirmisher ×12 · Militia ×5 · Archer ×3 · Spearman ×1
Match map
Initial resources + every placement click. Lines = walls · curves = elevation contours. ◆ gold · ⬟ stone · ● berries · ✦ relic · ◌ wall gap
Your base· Open — unwalled flank
flightlessbird's base· Open — 4t gap
Smoothed initial terrain · ◌ = detected wall gap · hover for details
Inputs per minute
— wR.Prisma - - flightlessbird
Build order — wR.Prisma
139 actions detected in the replay
| 0:00 | Create | Villager (Male) |
| 0:02 | Build | House |
| 0:02 | Build | House |
| 0:18 | Create | Villager (Male) |
| 0:22 | Create | Villager (Male) |
| 0:46 | Create | Villager (Male) |
| 1:05 | Create | Villager (Male) |
| 1:49 | Build | Lumber Camp |
| 1:49 | Create | Villager (Male) |
| 2:16 | Create | Villager (Male) |
| 2:49 | Create | Villager (Male) |
| 2:50 | Create | Villager (Male) |
| 3:04 | Create | Villager (Male) |
| 3:59 | Create | Villager (Male) |
| 4:01 | Build | House |
| 4:12 | Create | Villager (Male) |
| 4:57 | Create | Villager (Male) |
| 5:04 | Build | Barracks |
| 5:18 | Create | Villager (Male) |
| 5:46 | Create | Villager (Male) |
| 5:58 | Build | House |
| 6:08 | Research | Loom |
| 6:31 | Research | Feudal Age |
| 6:50 | Create | Militia |
| 6:50 | Create | Militia |
| 6:59 | Build | Mining Camp |
| 7:09 | Create | Militia |
| 7:41 | Create | Militia |
| 8:09 | Create | Villager (Male) |
| 8:14 | Build | House |
| 8:16 | Create | Villager (Male) |
| 8:18 | Build | House |
| 8:35 | Build | Palisade Wall |
| 8:37 | Build | Palisade Wall |
| 8:50 | Age | Feudal Age |
| 8:53 | Build | Archery Range |
| 8:59 | Research | Man-at-Arms (upgrade) |
| 9:04 | Create | Villager (Male) |
| 9:14 | Create | Villager (Male) |
| 9:20 | Create | Villager (Male) |
| 9:37 | Create | Villager (Male) |
| 9:40 | Build | Palisade Wall |
| 9:40 | Build | Palisade Wall |
| 9:41 | Build | Palisade Wall |
| 9:50 | Create | Villager (Male) |
| 9:59 | Build | House |
| 10:04 | Build | Mill |
| 10:08 | Create | Villager (Male) |
| 10:16 | Create | Archer |
| 10:16 | Create | Archer |
| 10:17 | Create | Villager (Male) |
| 10:22 | Research | Double-Bit Axe |
| 10:25 | Create | Villager (Male) |
| 10:36 | Build | Farm |
| 10:57 | Create | Villager (Male) |
| 11:07 | Build | Farm |
| 11:08 | Build | Farm |
| 11:10 | Create | Archer |
| 11:19 | Create | Villager (Male) |
| 11:24 | Build | House |
| 11:26 | Build | Farm |
| 11:38 | Build | Farm |
| 11:42 | Create | Archer |
| 12:06 | Create | Archer |
| 12:11 | Create | Archer |
| 12:19 | Create | Villager (Male) |
| 12:20 | Build | Farm |
| 12:21 | Build | Farm |
| 12:28 | Build | House |
| 12:35 | Create | Villager (Male) |
| 12:38 | Create | Archer |
| 12:39 | Create | Villager (Male) |
| 12:44 | Build | Farm |
| 12:54 | Create | Villager (Male) |
| 13:01 | Build | Farm |
| 13:04 | Build | House |
| 13:09 | Create | Villager (Male) |
| 13:21 | Build | Farm |
| 13:23 | Create | Villager (Male) |
| 13:33 | Create | Villager (Male) |
| 13:40 | Build | House |
| 13:43 | Build | House |
| 13:44 | Create | Archer |
| 13:59 | Create | Archer |
| 14:01 | Create | Villager (Male) |
| 14:33 | Create | Archer |
| 14:38 | Create | Villager (Male) |
| 14:45 | Build | Blacksmith |
| 14:46 | Create | Villager (Male) |
| 14:57 | Create | Archer |
| 15:17 | Build | House |
| 15:21 | Create | Villager (Male) |
| 15:29 | Research | Fletching |
| 15:34 | Create | Villager (Male) |
| 15:35 | Build | Farm |
| 15:45 | Create | Archer |
| 15:48 | Create | Villager (Male) |
| 15:52 | Create | Villager (Male) |
| 15:54 | Build | House |
| 16:07 | Build | Archery Range |
| 16:16 | Build | House |
| 16:19 | Build | Palisade Wall |
| 16:27 | Create | Villager (Male) |
| 16:30 | Build | House |
| 16:32 | Create | Archer |
| 16:56 | Create | Archer |
| 17:30 | Research | Castle Age |
| 17:30 | Research | Castle Age |
| 17:39 | Build | House |
| 17:48 | Research | Gold Mining |
| 17:48 | Research | Gold Mining |
| 17:50 | Create | Archer |
| 17:50 | Create | Archer |
| 17:57 | Research | Horse Collar |
| 17:58 | Create | Archer |
| 17:59 | Create | Archer |
| 18:29 | Create | Archer |
| 18:29 | Create | Skirmisher |
| 18:39 | Create | Archer |
| 18:47 | Create | Archer |
| 18:47 | Create | Archer |
| 18:55 | Create | Archer |
| 19:04 | Create | Archer |
| 19:05 | Create | Archer |
| 19:19 | Create | Archer |
| 19:19 | Create | Archer |
| 19:26 | Build | Lumber Camp |
| 19:49 | Create | Villager (Male) |
| 20:10 | Age | Castle Age |
| 20:11 | Research | Crossbowman (upgrade) |
| 20:11 | Research | Crossbowman (upgrade) |
| 20:12 | Research | Bodkin Arrow |
| 20:12 | Research | Bodkin Arrow |
| 20:13 | Research | Bodkin Arrow |
| 20:15 | Research | Bow Saw |
| 20:19 | Build | Town Center |
| 20:23 | Create | Archer |
| 20:37 | Create | Villager (Male) |
| 20:41 | Create | Villager (Male) |
Build order — flightlessbird
131 actions detected in the replay
| 0:01 | Create | Villager (Male) |
| 0:01 | Create | Villager (Male) |
| 0:02 | Build | House |
| 0:03 | Build | House |
| 0:04 | Create | Villager (Male) |
| 0:04 | Create | Villager (Male) |
| 1:31 | Create | Villager (Male) |
| 1:31 | Create | Villager (Male) |
| 2:02 | Create | Villager (Male) |
| 2:02 | Create | Villager (Male) |
| 2:03 | Create | Villager (Male) |
| 2:27 | Create | Villager (Male) |
| 2:27 | Create | Villager (Male) |
| 2:47 | Create | Villager (Male) |
| 2:47 | Create | Villager (Male) |
| 2:49 | Build | Barracks |
| 3:09 | Create | Villager (Male) |
| 3:10 | Create | Villager (Male) |
| 3:17 | Build | House |
| 3:38 | Create | Villager (Male) |
| 3:43 | Create | Militia |
| 3:43 | Create | Militia |
| 3:49 | Build | Palisade Wall |
| 4:06 | Create | Villager (Male) |
| 4:12 | Create | Militia |
| 4:31 | Create | Villager (Male) |
| 4:39 | Build | House |
| 4:42 | Create | Militia |
| 4:56 | Create | Villager (Male) |
| 5:09 | Create | Militia |
| 5:20 | Create | Villager (Male) |
| 5:38 | Create | Villager (Male) |
| 6:08 | Create | Villager (Male) |
| 6:14 | Build | House |
| 6:28 | Create | Villager (Male) |
| 6:51 | Create | Villager (Male) |
| 6:56 | Build | Mill |
| 7:18 | Create | Villager (Male) |
| 7:51 | Create | Villager (Male) |
| 8:02 | Build | Lumber Camp |
| 8:15 | Create | Villager (Male) |
| 8:18 | Build | House |
| 8:31 | Research | Loom |
| 9:04 | Build | Palisade Wall |
| 9:16 | Research | Feudal Age |
| 9:21 | Build | Palisade Wall |
| 9:34 | Build | Palisade Wall |
| 9:56 | Build | Palisade Wall |
| 10:09 | Build | Mining Camp |
| 10:20 | Build | Palisade Wall |
| 10:29 | Build | Palisade Wall |
| 10:30 | Build | Palisade Wall |
| 10:32 | Build | Farm |
| 10:33 | Build | Farm |
| 10:35 | Build | Farm |
| 10:46 | Build | Palisade Wall |
| 10:59 | Build | Palisade Wall |
| 11:00 | Build | Palisade Wall |
| 11:06 | Build | Farm |
| 11:15 | Build | Farm |
| 11:26 | Age | Feudal Age |
| 11:28 | Research | Man-at-Arms (upgrade) |
| 11:28 | Research | Man-at-Arms (upgrade) |
| 11:33 | Build | Archery Range |
| 11:53 | Create | Villager (Male) |
| 12:19 | Create | Villager (Male) |
| 12:23 | Build | Farm |
| 12:25 | Create | Archer |
| 12:30 | Build | Farm |
| 12:31 | Build | Farm |
| 12:40 | Create | Skirmisher |
| 12:47 | Build | Farm |
| 12:54 | Build | House |
| 13:04 | Build | Farm |
| 13:05 | Create | Villager (Male) |
| 13:05 | Create | Villager (Male) |
| 13:05 | Create | Villager (Male) |
| 13:13 | Build | House |
| 13:21 | Create | Villager (Male) |
| 13:28 | Create | Archer |
| 13:43 | Create | Skirmisher |
| 13:44 | Create | Villager (Male) |
| 14:09 | Create | Archer |
| 14:14 | Create | Villager (Male) |
| 14:36 | Create | Skirmisher |
| 14:37 | Create | Villager (Male) |
| 14:40 | Create | Skirmisher |
| 15:08 | Create | Villager (Male) |
| 15:10 | Build | Farm |
| 15:15 | Research | Double-Bit Axe |
| 15:15 | Research | Double-Bit Axe |
| 15:20 | Create | Spearman |
| 15:31 | Create | Villager (Male) |
| 15:33 | Build | House |
| 15:41 | Create | Skirmisher |
| 16:04 | Create | Villager (Male) |
| 16:07 | Create | Villager (Male) |
| 16:13 | Research | Town Watch |
| 16:29 | Build | Blacksmith |
| 16:31 | Build | House |
| 16:32 | Build | Palisade Wall |
| 16:40 | Create | Villager (Male) |
| 16:58 | Create | Villager (Male) |
| 17:08 | Create | Villager (Male) |
| 17:19 | Research | Fletching |
| 17:23 | Create | Villager (Male) |
| 17:27 | Create | Skirmisher |
| 17:40 | Create | Skirmisher |
| 17:46 | Build | House |
| 17:47 | Build | Palisade Wall |
| 17:53 | Build | Palisade Wall |
| 18:03 | Build | Farm |
| 18:04 | Create | Villager (Male) |
| 18:43 | Create | Villager (Male) |
| 18:47 | Create | Skirmisher |
| 18:51 | Build | Farm |
| 18:53 | Build | Farm |
| 18:59 | Create | Skirmisher |
| 19:01 | Create | Villager (Male) |
| 19:05 | Build | Palisade Wall |
| 19:12 | Build | House |
| 19:16 | Build | Farm |
| 19:47 | Build | Palisade Gate |
| 19:48 | Build | House |
| 19:54 | Research | Castle Age |
| 19:55 | Create | Skirmisher |
| 20:03 | Build | Lumber Camp |
| 20:17 | Create | Skirmisher |
| 20:25 | Build | Watch Tower |
| 20:38 | Build | Palisade Wall |
| 20:45 | Create | Skirmisher |
Match timeline
| 2:49 | flightlessbird · first_building Barracks |
| 3:49 | flightlessbird · wall_segment Palisade Wall x1 |
| 5:04 | wR.Prisma · first_building Barracks |
| 8:35 | wR.Prisma · wall_segment Palisade Wall x1 |
| 8:37 | wR.Prisma · wall_segment Palisade Wall x1 |
| 8:50 | wR.Prisma · age_up feudal |
| 8:53 | wR.Prisma · first_building Archery Range |
| 9:04 | flightlessbird · wall_segment Palisade Wall x4 |
| 9:21 | flightlessbird · wall_segment Palisade Wall x4 |
| 9:34 | flightlessbird · wall_segment Palisade Wall x1 |
| 9:40 | wR.Prisma · wall_segment Palisade Wall x1 |
| 9:40 | wR.Prisma · wall_segment Palisade Wall x1 |
| 9:41 | wR.Prisma · wall_segment Palisade Wall x1 |
| 9:56 | flightlessbird · wall_segment Palisade Wall x1 |
| 10:20 | flightlessbird · wall_segment Palisade Wall x1 |
| 10:29 | flightlessbird · wall_segment Palisade Wall x1 |
| 10:30 | flightlessbird · wall_segment Palisade Wall x1 |
| 10:46 | flightlessbird · wall_segment Palisade Wall x1 |
| 10:59 | flightlessbird · wall_segment Palisade Wall x1 |
| 11:00 | flightlessbird · wall_segment Palisade Wall x1 |
| 11:26 | flightlessbird · age_up feudal |
| 11:33 | flightlessbird · first_building Archery Range |
| 16:19 | wR.Prisma · wall_segment Palisade Wall x1 |
| 16:32 | flightlessbird · wall_segment Palisade Wall x4 |
| 17:47 | flightlessbird · wall_segment Palisade Wall x11 |
| 17:53 | flightlessbird · wall_segment Palisade Wall x5 |
| 19:05 | flightlessbird · wall_segment Palisade Wall x9 |
| 20:10 | wR.Prisma · age_up castle |
| 20:38 | flightlessbird · wall_segment Palisade Wall x1 |
| 20:53 | flightlessbird · resign |
[ AI ANALYSIS · 1 CREDIT ]
What really happened in this match?
Wolo.gg analyzes every decision: build order, eco, micro, common mistakes by bracket. Personalized analysis on WhatsApp or Discord in 30 seconds.
Civ guide
Britons
Perfil
Jugador #3176045